 Dungeon Crawl Stone Soup version 0.24.0-123-gd5b16e6ec5 (webtiles) character file.

Game seed: 9261944983805498764, levelgen mode: deterministic

71 Napalmbreeze the Sneak (level 4, -1/22 HPs)
             Began as a Vampire Enchanter on Jan 23, 2020.
             Slain by a jackal (3 damage)
             ... on level 3 of the Dungeon.
             The game lasted 00:05:29 (2069 turns).

Napalmbreeze the Sneak (Vampire Enchanter)          Turns: 2069, Time: 00:05:30

Health: -1/22      AC:  2    Str:  7    XL:     4   Next: 5%
Magic:  6/8        EV: 13    Int: 17    God:
Gold:   111        SH:  0    Dex: 15    Spells: 5/8 levels left

rFire    . . .     SeeInvis +   a - +1 dagger
rCold    + + .     Gourm    .   (no shield)
rNeg     + + +     Faith    .   b - +0 robe
rPois    ∞         Spirit   .   (no helmet)
rElec    .         Reflect  .   (no cloak)
rCorr    +         Harm     .   (no gloves)
MR       .....                  (no boots)
Stlth    +++++.....             (no amulet)
HPRegen  0.00/turn              j - ring of resist corrosion
MPRegen  0.11/turn              (no ring)

@: bloodless
A: no food, fangs 3, see invisible, [frail 1], unbreathing
a: Bat Form, Revivify


You were on level 3 of the Dungeon.
You were bloodless.

You visited 1 branch of the dungeon, and saw 3 of its levels.

You collected 111 gold pieces.

Inventory:

Hand Weapons
 a - a +1 dagger (weapon)
 i - a +0 rapier
Armour
 b - a +0 robe (worn)
Jewellery
 j - a ring of resist corrosion (left hand)
Scrolls
 c - 3 scrolls of teleportation {unknown}
 d - a scroll of enchant weapon {unknown}
 f - 2 scrolls of enchant armour {unknown}
 g - 3 scrolls of identify {unknown}
 h - 3 scrolls of remove curse {unknown}
 l - a scroll of random uselessness {unknown}
 m - a scroll of magic mapping {unknown}
 n - 2 scrolls of amnesia {unknown}
Potions
 e - 3 potions of curing {unknown}
 k - a potion of agility {unknown}


   Skills:
 + Level 1.4 Fighting
 - Level 1.1 Short Blades
 - Level 2.1 Dodging
 + Level 5.4 Stealth
 + Level 2.7 Spellcasting
 - Level 5.0 Hexes


You had 5 spell levels left.
You knew the following spells:

 Your Spells              Type           Power        Failure   Level  Hunger
a - Corona                Hex            ###....      2%          1    N/A
s - Ensorcelled Hibernat  Hex/Ice        ##....       10%         2    N/A

Your spell library contained the following spells:

 Spells                   Type           Power        Failure   Level  Hunger
 Confuse                  Hex            ###.....     7%          3    N/A
 Tukima's Dance           Hex            ###.....     7%          3    N/A
 Dazzling Spray           Conj/Hex       ##....       19%         3    N/A

Dungeon Overview and Level Annotations

Branches:
Dungeon (3/15)

Altars:


Innate Abilities, Weirdness & Mutations

You do not eat.
You do not regenerate when monsters are visible.
You are frail without blood (-20% HP).
You can heal yourself when you bite living creatures.
You are immune to poison.
You have razor-sharp teeth.
You have supernaturally acute eyesight. (SInv)
You can survive without breathing.
[You are frail. (-10% HP)]


Message History

The jackal bites you.
* * * LOW HITPOINT WARNING * * *
Unknown command.
You closely miss the jackal.
The jackal is almost dead.
The jackal bites you.
* * * LOW HITPOINT WARNING * * *
The jackal bites you but does no damage.
The jackal bites you.
* * * LOW HITPOINT WARNING * * *
You hit the jackal.
You kill the jackal!
Unknown command.
Casting: Ensorcelled Hibernation (safe; 10% risk of failure)
Confirm with . or Enter, or press ? or * to list all spells.
Aiming: Ensorcelled Hibernation (safe; 10% risk of failure)
Press: ? - help, Shift-Dir - straight line, f - kobold, p - jackal
Aim: a kobold, wielding a +0 dagger (chance to defeat MR: 59%)
The kobold looks drowsy...
The jackal bites you.
You die...

#.#.# .....
#.#.######.#....
#.#............# #.#..
.....#...
#.#.####...#.#
#.#..........# .
###.#..........### #.
#..†Kh...........# #.
#...#@.........#.# #.
#...#..........#.####.
#..h#..........#......
#...######...###......
#..K# ##### #......
#...# ######.
#.hg####### #.
#.......... #.
#.......... #.


You could see a jackal and a kobold (sleeping).

Vanquished Creatures
  3 adders (D:2)
  2 leopard geckos (D:3)
  An orc (D:3)
  A ball python (D:2)
  2 giant cockroaches (D:2)
  4 goblins
  7 hobgoblins
  A jackal (D:3)
  11 bats
  5 frilled lizards
  3 kobolds
  A rat (D:2)
41 creatures vanquished.

Notes
Turn   | Place    | Note
-------+----------+-------------------------------------------
     0 | D:1      | Napalmbreeze the Vampire Enchanter began the quest for the
                  | Orb.
     0 | D:1      | Reached XP level 1. HP: 13/13 MP: 3/3
   433 | D:1      | Reached XP level 2. HP: 20/20 MP: 5/5
  1241 | D:2      | Learned a level 2 spell: Ensorcelled Hibernation
  1297 | D:2      | Reached skill level 1 in Fighting
  1297 | D:2      | Reached skill level 5 in Stealth
  1297 | D:2      | Reached XP level 3. HP: 20/20 MP: 6/6
  1334 | D:2      | Reached skill level 5 in Hexes
  2014 | D:3      | Reached XP level 4. HP: 28/28 MP: 8/8
  2069 | D:3      | Slain by a jackal

Levels and vault maps discovered:
D:1:      dpeg_arrival_arbitrary_a, layout_basic, st_stairs_6
D:2:      layout_basic
D:3:      layout_basic, uniq_ijyb

Skill      XL: |  1  2  3 |
---------------+----------+-----
Fighting       | 1 |  1.4
Stealth        | 5 |  5.4
Hexes          | 5 |  5.0
Short Blades   | |  1.1
Dodging        | |  2.1
Spellcasting   | |  2.7

Action                   |  1- 3 |  4- 6 || total
-------------------------+-------+-------++-------
Melee: Dagger            |   139 |    21 ||   160
       Bite              |     8 |     2 ||    10
 Cast: Corona            |     5 |       ||     5
       Ensorcelled Hiber |     5 |     2 ||     7
 Abil: Exsanguinate      |     1 |     1 ||     2
       Revivify          |     1 |       ||     1
 Stab: Sleeping          |     9 |       ||     9
Armor: Robe              |    38 |    10 ||    48
Dodge: Dodged            |   114 |    36 ||   150
